 Dungeon Crawl Stone Soup version 0.17-a0-1446-gc28613e (webtiles) character file.

216 matakusis the Magician (level 5, -2/28 HPs)
             Began as a Deep Elf Wizard on June 28, 2015.
             Killed by divine providence
             ... invoked by an orc priest
              (10 damage)
             ... on level 4 of the Dungeon.
             The game lasted 00:30:03 (4158 turns).

matakusis the Magician (Deep Elf Wizard)            Turns: 4158, Time: 00:30:03

Health: -2/28      AC:  3    Str:  2 (4)  XL:     5   Next: 61%
Magic:  1/15       EV: 15    Int: 24      God:
Gold:   234        SH:  0    Dex: 13      Spells: 4 memorised, 8 levels left

rFire  + . .     SeeInvis .     i - staff of fire
rCold  . . .     Clarity  .     a - +1 robe
rNeg   . . .     SustAt   .     (no shield)
rPois  +         Gourm    .     b - +0 hat
rElec  .         Spirit   .     (no cloak)
rCorr  .         Warding  .     (no gloves)
rMut   .         Stasis   .     (no boots)
MR     .....                    (no amulet)
Stlth  ++........               h - +3 ring of evasion
                                u - ring of poison resistance

@: not resistant to hostile enchantments, unstealthy
A: no striking features
a: no special abilities


You were on level 4 of the Dungeon.
You were not hungry.

You visited 1 branch of the dungeon, and saw 4 of its levels.

You collected 234 gold pieces.

Inventory:

Hand weapons
 r - a +1 dagger of freezing
 v - a +0 blowgun
Missiles
 e - 4 curare-tipped needles (quivered)
 m - 13 poisoned needles
Armour
 a - a +1 robe (worn)
 b - a +0 hat (worn)
Magical staves
 i - an uncursed staff of fire (weapon)
 w - an uncursed staff of earth
Jewellery
 h - a +3 ring of evasion (right hand)
 u - a ring of poison resistance (left hand)
Scrolls
 f - a scroll of enchant armour
 g - a scroll of identify
 k - 2 scrolls of noise
 x - a scroll of recharging
Potions
 p - 2 potions of might
 q - 3 potions of heal wounds
Books
 c - a book of Minor Magic

   Spells                             Type                      Level
   a - Magic Dart                     Conjuration                  1
   b - Blink                          Translocation                2
   c - Call Imp                       Summoning                    2
   d - Repel Missiles                 Charms/Air                   2
   e - Slow                           Hexes                        2
   f - Conjure Flame                  Conjuration/Fire             3
   g - Mephitic Cloud                 Conjuration/Poison/Air       3
Comestibles
 d - 3 bread rations
 j - a beef jerky
 l - a royal jelly
 o - a meat ration


   Skills:
 - Level 2.4 Dodging
 - Level 2.4 Stealth
 + Level 6.3 Spellcasting
 * Level 3.5 Conjurations
 * Level 3.4 Summonings
 - Level 1.1 Translocations


You had 8 spell levels left.
You knew the following spells:

 Your Spells              Type           Power        Failure   Level  Hunger
a - Magic Dart            Conj           ###.         1%          1    None
b - Call Imp              Summ           ###.....     2%          2    None
c - Blink                 Tloc           N/A          10%         2    None
d - Conjure Flame         Conj/Fire      ###.....     14%         3    None


Dungeon Overview and Level Annotations

Branches:
Dungeon (4/15)
 Temple: D:4-7

Altars:

Annotations:
D:4 PeterLawrence's ghost, average GrFi


Message History

You open the door. PeterLawrence's ghost hits you!
Your crimson imp barely misses PeterLawrence's ghost.
Your crimson imp closely misses PeterLawrence's ghost.
Your crimson imp blinks!
Your crimson imp blinks!
PeterLawrence's ghost closely misses you.
There is an open door here.
You open the door.
Your crimson imp hits PeterLawrence's ghost but does no damage.
PeterLawrence's ghost hits you!
* * * LOW HITPOINT WARNING * * *
There is an open door here.
Casting: Call Imp
Confirm with . or Enter, or press ? or * to list all spells.
You blink.
Your crimson imp blinks!
An orc priest comes into view. It is wielding a club.
The orc priest calls down the wrath of Beogh upon you.
Something smites you!
You die...

.........'........#.....#
.........#+##.###5#.....#
##+##+#.....#+##...5....#
5.....+.....+. #.5......#
#<....#.....#. #.>......#
#.....#..)..#..#...†....#
##....#.....#..#.W......#
##....#.....#...........#
......#.....##..@.......#
......#.......###########
##....#....... ##....# o.
......# ......# ......+
#####+#


You could see an orc priest, PeterLawrence's ghost and 3 friendly crimson imps.

Vanquished Creatures
  An iguana (D:3)
  An adder (D:2)
  2 giant geckos
  9 hobgoblins
  9 kobolds
  A quokka (D:3)
  4 bats
  A giant cockroach (D:4)
  4 giant newts
  4 goblins
  A jackal skeleton (D:4)
  7 rats
44 creatures vanquished.

Vanquished Creatures (collateral kills)
  An ogre (D:4)
  2 orc wizards (D:3)
  A giant frog skeleton (D:4)
  A hound skeleton (D:4)
  An adder (D:3)
  6 orcs (D:3)
  4 giant cockroaches
  2 hobgoblins
18 creatures vanquished.

Grand Total: 62 creatures vanquished

Notes
Turn   | Place    | Note
--------------------------------------------------------------
     0 | D:1      | matakusis the Deep Elf Wizard began the quest for the Orb.
     0 | D:1      | Reached XP level 1. HP: 10/10 MP: 7/7
   450 | D:1      | Reached XP level 2. HP: 15/15 MP: 6/9
   454 | D:1      | Learned a level 2 spell: Call Imp
   457 | D:1      | Learned a level 2 spell: Blink
   765 | D:1      | Reached skill level 5 in Spellcasting
  1211 | D:2      | Reached XP level 3. HP: 10/19 MP: 4/11
  2524 | D:3      | Reached XP level 4. HP: 24/24 MP: 1/13
  3175 | D:3      | Reached skill level 6 in Spellcasting
  3215 | D:3      | Learned a level 3 spell: Conjure Flame
  3379 | D:4      | Noticed an ogre
  3386 | D:4      | Killed an ogre
  3386 | D:4      | Reached XP level 5. HP: 28/28 MP: 3/15
  4110 | D:4      | Noticed PeterLawrence's ghost (average GrFi)
  4158 | D:4      | Killed from afar by an orc priest

Vault maps used:
D:1:      dpeg_arrival_rhombus
D:3:      first_bread, serial_bayou_lake_a

Action                   |  1- 3 |  4- 6 || total
-------------------------+-------+-------++-------
Melee: Dagger            |     1 |    10 ||    11
       Staff             |       |     1 ||     1
 Cast: Magic Dart        |    71 |    28 ||    99
       Call Imp          |    17 |    29 ||    46
       Blink             |       |     6 ||     6
  Use: Scroll            |       |     8 ||     8
       Potion            |       |     7 ||     7
 Stab: Sleeping          |       |     1 ||     1
  Eat: Bread ration      |     1 |     1 ||     2
       Chunk             |       |     2 ||     2
